 Dungeon Crawl Stone Soup version 0.28.0-53-g5a82cb258f (webtiles) character file.

Game seed: 10663464204837476842

45 DemonSlayer the Firebug (level 3, -1/24 HPs)
             Began as a Demonspawn Fire Elementalist on May 24, 2022.
             Was a Follower of Makhleb.
             Slain by a kobold
             ... wielding a +0 dagger
              (2 damage)
             ... on level 2 of the Dungeon.
             The game lasted 00:04:29 (2059 turns).

DemonSlayer the Firebug (DsFE)                      Turns: 2059, Time: 00:04:31

Health: -1/24      AC:  4    Str:  8    XL:     3   Next: 42%
Magic:  2/7        EV: 12    Int: 18    God:    Makhleb [*.....]
Gold:   65         SH:  4    Dex: 13    Spells: 4/7 levels left

rFire   . . .      SeeInvis .   c - +0 war axe
rCold   . . .      Faith    .   (no shield)
rNeg    . . .      Spirit   .   a - +0 robe
rPois   .          Reflect  .   (no helmet)
rElec   .          Harm     .   (no cloak)
rCorr   .          Rampage  .   (no gloves)
Will    .....                   (no boots)
Stlth   ++........              (no amulet)
HPRegen 0.08/turn               (no ring)
MPRegen 0.10/turn               (no ring)

@: no status effects
A: icy blue scales 1, condensation shield
a: Renounce Religion


You were on level 2 of the Dungeon.
You worshipped Makhleb.
Makhleb was aware of your devotion.
You visited 1 branch of the dungeon, and saw 2 of its levels.

You collected 65 gold pieces.

Inventory:

Hand Weapons
 c - a +0 war axe (weapon)
 f - a +0 dagger
Armour
 a - a +0 robe (worn)
Potions
 b - 2 potions of magic {unknown}
 d - a potion of invisibility {unknown}
 e - a potion of curing {unknown}


   Skills:
 + Level 0.2 Short Blades
 + Level 2.0 Dodging
 + Level 2.0 Stealth
 + Level 2.7 Spellcasting
 + Level 1.3 Conjurations
 + Level 3.1 Fire Magic


You had 4 spell levels left.
You knew the following spells:

 Your Spells              Type           Power      Damage    Failure   Level
a - Foxfire               Conj/Fire      40%        2x1d6     7%          1
b - Scorch                Fire           26%        2d6       7%          2

Your spell library contained the following spells:

 Spells                   Type           Power      Damage    Failure   Level
 Conjure Flame            Conj/Fire      10%        6-21      21%         3
 Inner Flame              Hex/Fire       8%         N/A       26%         3
 Flame Wave               Conj/Fire      10%        2d5       54%         4


Dungeon Overview and Level Annotations

Branches:
Dungeon (2/15)

Altars:
Makhleb

Annotations:
D:2 Terence


Innate Abilities, Weirdness & Mutations

You are partially covered in icy blue scales. (AC +2)
A meltable shield of frost defends you. (SH +4)


Message History

The foxfire hits Terence but does no damage.
Terence is heavily wounded.
Terence barely misses you.
You hit Terence.
Terence is heavily wounded.
The foxfire hits Terence but does no damage.
Terence is heavily wounded.
The foxfire hits Terence but does no damage.
Terence is heavily wounded.
Terence closely misses you.
The kobold throws a stone.
The stone closely misses you. Terence misses you.
You hit Terence but do no damage.
Terence is heavily wounded.
The kobold throws a stone.
The stone hits you.
Terence hits you with a +1 mace of protection!
The kobold throws a stone.
The stone closely misses you.
Flames lash Terence but do no damage.
Terence misses you.
You don't have enough magic to cast this spell.
You hit Terence.
Terence is severely wounded.
You block Terence's attack. x2
You hit Terence but do no damage.
Terence is severely wounded.
Terence hits you with a +1 mace of protection!
* * * LOW HITPOINT WARNING * * *
You hit Terence but do no damage.
Terence is severely wounded.
You miss the kobold. You block Terence's attack.
The kobold hits you with a +0 dagger.
* * * LOW HITPOINT WARNING * * *
Terence says, "Rest in peace."
Terence completely misses you. The kobold hits you with a +0 dagger.
* * * LOW HITPOINT WARNING * * *
You hit Terence but do no damage.
Terence is severely wounded.
You barely miss the kobold.
Terence hits you with a +1 mace of protection.
* * * LOW HITPOINT WARNING * * *
The kobold hits you with a +0 dagger.
You die...

##..#.....###
............
.......... #..
#.#.....# #...
.......# #...
#......#
#...###.@K..!#
#.......@....#
##.....######
#.....##
#......#
#......#
#......#
#......##
#.......#
#.....#.##


You could see Terence and a kobold.

Vanquished Creatures
  An adder (D:2)
  A dart slug (D:1)
  3 ball pythons (D:1)
  6 endoplasms
  5 hobgoblins
  2 quokkas
  3 bats
  A frilled lizard (D:1)
  6 kobolds (D:2)
  2 rats (D:1)
30 creatures vanquished.

Vanquished Creatures (others)
  119 foxfires
  8 toadstools (D:2)
127 creatures vanquished.

Grand Total: 157 creatures vanquished

Notes
Turn   | Place    | Note
-------+----------+-------------------------------------------
     0 | D:1      | DemonSlayer the Demonspawn Fire Elementalist began the
                  | quest for the Orb.
     0 | D:1      | Reached XP level 1. HP: 13/13 MP: 3/3
   298 | D:1      | Gained mutation: You are partially covered in icy blue
                  | scales. (AC +2) [demonic ancestry]
   298 | D:1      | Reached XP level 2. HP: 19/19 MP: 0/5
   352 | D:1      | Found a faded altar of an unknown god.
   368 | D:1      | Prayed at the altar of an unknown god.
   368 | D:1      | Became a worshipper of Makhleb the Destroyer
   368 | D:1      | Reached * piety under Makhleb
   469 | D:1      | Reached skill level 3 in Fire Magic
   474 | D:1      | Learned a level 2 spell: Scorch
  1586 | D:2      | Gained mutation: A meltable shield of frost defends you.
                  | (SH +4) [demonic ancestry]
  1586 | D:2      | Reached XP level 3. HP: 22/24 MP: 3/6
  2045 | D:2      | Noticed Terence
  2059 | D:2      | HP: 1/24 [Terence/+1 mace of protection (3)]
  2059 | D:2      | Slain by a kobold

Illustrated notes

Levels and vault maps discovered:
D:1:      co_arrival_random_square_maze, layout_basic, basic_ecumenical_altar
D:2:      cheibrodos_fertilizer, layout_basic, uniq_terence

Skill      XL: |  1  2  3 |
---------------+----------+-----
Fire Magic     | 3 |  3.1
Stealth        | 2 |  2.0
Dodging        | 2 |  2.0
Short Blades   | |  0.2
Spellcasting   | |  2.7
Conjurations   | |  1.3

Action                   || total
-------------------------++-------
Melee: Unarmed           ||     7
       Dagger            ||    17
       Punch             ||     1
       War axe           ||    10
 Cast: Foxfire           ||    73
       Scorch            ||     1
  Use: Scroll            ||     3
 Stab: Sleeping          ||     1
Armor: Robe              ||    16
Dodge: Dodged            ||    39
Block: Other             ||     3
